 Dungeon Crawl Stone Soup version 0.28-a0-312-gbced6e68ee (webtiles) character file.

Game seed: 8546871496126903600

39 frimble the Skirmisher (level 3, -13/35 HPs)
             Began as a Gnoll Wanderer on Aug 31, 2021.
             Killed by an exploding Natasha (44 damage)
             ... ignited by their inner flame
             ... on level 2 of the Dungeon.
             The game lasted 00:01:17 (1202 turns).

frimble the Skirmisher (Gnoll Wanderer)             Turns: 1202, Time: 00:01:18

Health: -13/35     AC:  3    Str: 12    XL:     3   Next: 47%
Magic:  4/4        EV: 13    Int: 13    God:
Gold:   54         SH:  0    Dex:  9    Spells: 3/3 levels left

rFire   . . .      SeeInvis .     - Unarmed
rCold   . . .      Faith    .   (no shield)
rNeg    . . .      Spirit   .   e - +0 robe
rPois   .          Reflect  .   (no helmet)
rElec   .          Harm     .   (no cloak)
rCorr   .          Rampage  .   i - +0 pair of gloves
Will    .....                   (no boots)
Stlth   ++........              (no amulet)
HPRegen 0.11/turn               (no ring)
MPRegen 0.09/turn               (no ring)

@: no status effects
A: fangs 1, strong nose, distributed training
a: no special abilities


You were on level 2 of the Dungeon.
You visited 1 branch of the dungeon, and saw 2 of its levels.

You collected 54 gold pieces.

Inventory:

Hand Weapons
 a - a +2 dagger
Missiles
 b - 4 poisoned darts (quivered)
 g - 2 curare-tipped darts
Armour
 e - a +0 robe (worn)
 i - a +0 pair of gloves (worn)
Scrolls
 c - 3 scrolls of teleportation
 f - 2 scrolls of fear
Potions
 d - a potion of lignification
 h - a potion of flight {unknown}
 k - a potion of heal wounds {unknown}


   Skills:
 + Level 6.5 Fighting
 + Level 0.8 Short Blades
 + Level 0.8 Long Blades
 + Level 0.8 Axes
 + Level 0.8 Maces & Flails
 + Level 0.8 Polearms
 + Level 0.8 Staves
 + Level 0.8 Slings
 + Level 0.8 Bows
 + Level 0.8 Crossbows
 + Level 4.5 Throwing
 + Level 0.8 Armour
 + Level 4.5 Dodging
 + Level 2.4 Stealth
 + Level 0.8 Shields
 + Level 4.5 Unarmed Combat
 + Level 0.8 Spellcasting
 + Level 0.5 Conjurations
 + Level 0.5 Hexes
 + Level 0.5 Summonings
 + Level 0.5 Necromancy
 + Level 0.5 Translocations
 + Level 0.5 Transmutations
 + Level 0.5 Fire Magic
 + Level 0.5 Ice Magic
 + Level 0.5 Air Magic
 + Level 0.5 Earth Magic
 + Level 0.5 Poison Magic
 + Level 1.0 Invocations
 + Level 0.8 Evocations


You had 3 spell levels left.
You didn't know any spells.
Your spell library was empty.

Dungeon Overview and Level Annotations

Branches:
Dungeon (2/15)

Altars:


Innate Abilities, Weirdness & Mutations

You have very sharp teeth.
Your uncanny sense of smell can sniff out nearby items.
Your experience applies equally to all skills.


Message History

Natasha is nearby!
As you read the scroll labelled CUQOPR WEFU, it crumbles to dust.
The creatures around you are filled with an inner flame!
It was a scroll of immolation.
Natasha claws you.
You barely miss Natasha. Natasha barely misses you.
Throw: 9 darts (poison)
Press: ? - help, Q - select action, (/) - cycle Shift-Dir - straight line, f - Natasha
Aim: Natasha (inner flame, 53% to hit)
You throw a poisoned dart.
The poisoned dart closely misses Natasha.
Natasha closely misses you.
Throw: 8 darts (poison)
Press: ? - help, Q - select action, (/) - cycle Shift-Dir - straight line, f/p - Natasha
Aim: Natasha (inner flame, 53% to hit)
You throw a poisoned dart.
The poisoned dart closely misses Natasha.
Throw: 7 darts (poison)
Press: ? - help, Q - select action, (/) - cycle Shift-Dir - straight line, f/p - Natasha
Aim: Natasha (inner flame, 53% to hit)
You throw a poisoned dart. The poisoned dart hits Natasha.
Natasha is poisoned.
Natasha misses you.
Throw: 6 darts (poison)
Press: ? - help, Q - select action, (/) - cycle Shift-Dir - straight line, f/p - Natasha
Aim: Natasha (inner flame, poisoned, 53% to hit)
You throw a poisoned dart.
The poisoned dart closely misses Natasha.
Natasha stares at you and mumbles some strange words.
The magic dart hits you.
Throw: 5 darts (poison)
Press: ? - help, Q - select action, (/) - cycle Shift-Dir - straight line, f/p - Natasha
Aim: Natasha (inner flame, poisoned, 53% to hit)
You throw a poisoned dart.
The poisoned dart barely misses Natasha.
Flame seeps out of Natasha.
Natasha is engulfed in blazing flames.
Natasha yowls pathetically as she dies!
Natasha explodes!
The fiery explosion engulfs you!!!
Ouch! That really hurt!
You die...

# #####.#.# #.#
###.......# #.#
.##.###.########.#
.##.# #..........#
.##.# #.########.#
.##.# #.# #.## .†..#
#.# #..# .#### #.#
###.## .# #.# #§@..##
## *,#######○##..##
*******,......§§.....#
,,,,,,,,.##..##(.##..#
*******,**##...(##*#.#
*,** ##..## **.# *,,**
#..* **,.#
*,,,**#..***,,.#
*,*,,,...,,,,*,*


There were no monsters in sight!

Vanquished Creatures
  Natasha (D:2)
  An adder (D:2)
  3 dart slugs
  3 ball pythons
  3 bats (D:1)
  3 endoplasms (D:1)
  2 goblins (D:1)
  3 hobgoblins (D:1)
  A quokka (D:1)
  A frilled lizard (D:1)
  3 rats
24 creatures vanquished.

Notes
Turn   | Place    | Note
-------+----------+-------------------------------------------
     0 | D:1      | frimble the Gnoll Wanderer began the quest for the Orb.
     0 | D:1      | frimble set off with the following items: a +2 dagger, 2
                  | curare-tipped darts, a scroll of teleportation, a potion of
                  | lignification, a +0 robe
     0 | D:1      | Reached XP level 1. HP: 23/23 MP: 1/1
   301 | D:1      | Reached XP level 2. HP: 29/29 MP: 2/2
   776 | D:1      | Reached XP level 3. HP: 32/35 MP: 3/3
  1052 | D:2      | Reached skill level 1 in Invocations
  1190 | D:2      | Noticed Natasha
  1202 | D:2      | Killed Natasha
  1202 | D:2      | Killed by an exploding Natasha... ignited by their inner
                  | flame

Illustrated notes

Levels and vault maps discovered:
D:1:      ebering_trefoil_3fold, layout_loops_ring
D:2:      layout_loops_ring, dreamdust_ecumenical_altar_angels_and_demons,
          palyth_stone_intersect, kennysheep_jessica_study, uniq_natasha

Skill      XL: |  1  2  3 |
---------------+----------+-----
Invocations    | 1 |  1.0
Fighting       | |  6.5
Short Blades   | |  0.8
Long Blades    | |  0.8
Axes           | |  0.8
Maces & Flails | |  0.8
Polearms       | |  0.8
Staves         | |  0.8
Slings         | |  0.8
Bows           | |  0.8
Crossbows      | |  0.8
Throwing       | |  4.5
Armour         | |  0.8
Dodging        | |  4.5
Stealth        | |  2.4
Shields        | |  0.8
Unarmed Combat | |  4.5
Spellcasting   | |  0.8
Conjurations   | |  0.5
Hexes          | |  0.5
Summonings     | |  0.5
Necromancy     | |  0.5
Translocations | |  0.5
Transmutations | |  0.5
Fire Magic     | |  0.5
Ice Magic      | |  0.5
Air Magic      | |  0.5
Earth Magic    | |  0.5
Poison Magic   | |  0.5
Evocations     | |  0.8

Action                   || total
-------------------------++-------
Melee: Dagger            ||    12
       Unarmed           ||    56
       Bite              ||     2
Throw: Dart              ||     7
  Use: Scroll            ||     4
 Stab: Sleeping          ||     4
Armor: Robe              ||    12
Dodge: Dodged            ||    40

Table legend: (Time is in decaauts)
 A = Elapsed time spent in this place.
 B = Non-inter-level travel time spent in this place.
 C = Inter-level travel time spent in this place.
 D = Time resting spent in this place.
 E = Time spent auto-exploring this place.
 F = Levels seen in this place.
 G = Mean time per level.
                   A        B        C        D        E       F      G
               +--------+--------+--------+--------+--------+-----+--------+
         Total |   1195 |   1183 |     12 |      0 |   1000 |   2 |  597.5 |
       Dungeon |   1195 |   1183 |     12 |      0 |   1000 |   2 |  597.5 |
               +--------+--------+--------+--------+--------+-----+--------+

Top non-repeatable levels by time:
     D:1: 913 daAuts
     D:2: 281 daAuts
